 Dungeon Crawl Stone Soup version 0.31-a0-988-g08d55dae12 (webtiles) character file.

Game seed: 11102670153784877538

87262 BinkBink the Blocker (level 15, -9/100 HPs)
             Began as a Gargoyle Fighter on Nov 4, 2023.
             Was the Champion of Qazlal.
             Mangled by a Hell Sentinel (12 damage)
             ... summoned by a dread lich
             ... while paralysed by a dread lich
             ... on level 3 of the Abyss.
             The game lasted 00:31:31 (20127 turns).

BinkBink the Blocker (Gargoyle Fighter)            Turns: 20127, Time: 00:31:32

Health: -9/100     AC: 28    Str: 30    XL:     15   Next: 90%
Magic:  19/24      EV:  2    Int:  8    God:    Qazlal [******]
Gold:   1717       SH:  0    Dex: 13    Spells: 14/14 levels left

rFire   . . .        r - +9 flail of Niupn {flame, MP+9}
rCold   . . .        W - +2 buckler
rNeg    + . .        n - +5 ring mail "Zyaluol" {Slay+2}
rPois   ∞            L - +0 hat {SInv}
rElec   +            (no cloak)
rCorr   .            T - +0 pair of gloves
SInv    +            M - +0 pair of boots
Will    +....        R - amulet of regeneration
Stlth   +            y - +6 ring of strength
HPRegen 1.16/turn    B - +5 ring of evasion
MPRegen 0.19/turn

%: repel missiles
@: paralysed, protected from physical damage, flying, studying Ranged Weapons
A: sickness immunity, AC +11, big wings, negative energy resistance 1,
electricity resistance, torment resistance 1, petrification resistance,
[deformed body], [screaming 2], [no potion heal 2]
a: Renounce Religion, Upheaval, Elemental Force, Disaster Area


You were on level 3 of the Abyss.
You worshipped Qazlal.
Qazlal was exalted by your worship.
You visited 5 branches of the dungeon, and saw 23 of its levels.
You visited the Abyss 1 time.

You collected 2154 gold pieces.
You spent 437 gold pieces at shops.

Inventory:

Hand Weapons
 f - a +3 heavy flail
 r - the +9 flail of Niupn (weapon) {flame, MP+9}
   (You found it on level 4 of the Dungeon)

   MP+9:      It affects your magic capacity (+9).
Armour
 n - the +5 ring mail "Zyaluol" (worn) {Slay+2}
   (You found it on level 10 of the Dungeon)

   Slay+2:    It affects your accuracy & damage with ranged weapons and melee
   (+2).
 L - a +0 hat of see invisible (worn)
 M - a +0 pair of boots (worn)
 T - a +0 pair of gloves (worn)
 U - a +0 kite shield
 W - a +2 buckler (worn)
Jewellery
 y - a +6 ring of strength (left hand)
 B - a +5 ring of evasion (right hand)
 D - a +6 ring of strength
 G - a +4 ring of protection
 N - an amulet of guardian spirit
 R - an amulet of regeneration (around neck)
 S - an amulet of reflection
 V - the ring "Erotell" {Fire Will+}
   (You found it on level 7 of the Dungeon)

   [ring of fire]

   Fire:      It enhances your fire magic.
   rF+:       It protects you from fire.
   rC-:       It makes you vulnerable to cold.
   Will+:     It increases your willpower.
Wands
 o - a wand of quicksilver (8)
 u - a wand of flame (70)
 A - a wand of polymorph (5)
 J - a wand of paralysis (15)
 P - a wand of digging (3)
 Q - a wand of mindburst (16)
Scrolls
 a - 2 scrolls of enchant armour
 g - 2 scrolls of poison
 j - 11 scrolls of teleportation
 k - 2 scrolls of fog
 m - 5 scrolls of fear
 p - a scroll of blinking
 q - 2 scrolls of amnesia
 w - a scroll of acquirement
 x - 3 scrolls of enchant weapon
 H - 4 scrolls of summoning
 I - 4 scrolls of brand weapon
 K - 5 scrolls of revelation
Potions
 b - 4 potions of brilliance {unknown}
 c - a potion of degeneration {unknown}
 d - 3 potions of might
 e - 13 potions of curing
 h - 2 potions of ambrosia {unknown}
 i - 6 potions of mutation
 l - a potion of haste {unknown}
 s - 2 potions of heal wounds
 t - 3 potions of cancellation
 v - 2 potions of attraction
 z - a potion of resistance {unknown}
 C - a potion of lignification {unknown}
 E - 4 potions of magic {unknown}
 F - 2 potions of berserk rage {unknown}
 O - 3 potions of enlightenment


   Skills:
 + Level 14.2 Fighting
 + Level 12.9 Maces & Flails
 + Level 14.1 Armour
 + Level 10.7 Dodging
 + Level 14.2 Shields


You had 14 spell levels left.
You didn't know any spells.
Your spell library contained the following spells:

 Spells                   Type           Power      Damage    Failure   Level
 Magic Dart               Conj           0%         1d3       52%         1
 Sting                    Tmut/Pois      0%         1d3       52%         1
 Call Imp                 Summ           0%         N/A       67%         2
 Ensorcelled Hibernation  Hex/Ice        0%         N/A       67%         2
 Jinxbite                 Hex            0%         N/A       67%         2
 Lesser Beckoning         Tloc           0%         N/A       67%         2
 Momentum Strike          Conj/Tloc      0%         3d8       67%         2
 Passwall                 Tmut/Erth      0%         N/A       67%         2
 Poisonous Vapours        Pois/Air       0%         N/A       67%         2
 Call Canine Familiar     Summ           0%         N/A       88%         3
 Dazzling Flash           Conj/Hex       0%         N/A       88%         3
 Gell's Gravitas          Tloc           0%         N/A       88%         3
 Mephitic Cloud           Conj/Pois/Air  0%         N/A       88%         3
 Sigil of Binding         Hex            0%         N/A       88%         3
 Swiftness                Air            0%         N/A       88%         3
 Teleport Other           Tloc           0%         N/A       88%         3
 Tukima's Dance           Hex            0%         N/A       88%         3
 Anguish                  Hex/Necr       0%         N/A       99%         4
 Dimensional Bullseye     Hex/Tloc       0%         N/A       99%         4
 Leda's Liquefaction      Hex/Erth       0%         N/A       99%         4
 Olgreb's Toxic Radiance  Pois           0%         N/A       99%         4
 Passage of Golubria      Tloc           0%         N/A       99%         4
 Vhi's Electric Charge    Tloc/Air       0%         N/A       99%         4
 Agony                    Necr           0%         N/A       100%        5
 Arcjolt                  Conj/Air       0%         1d10      100%        5
 Borgnjor's Vile Clutch   Necr/Erth      0%         N/A       100%        5
 Silence                  Hex/Air        0%         N/A       100%        5
 Yara's Violent Unravell  Hex/Tmut       0%         3d3       100%        5
 Bombard                  Conj/Erth      0%         9d1       100%        6
 Plasma Beam              Fire/Air       0%         2x1d10    100%        6


Dungeon Overview and Level Annotations

Branches:
Dungeon (14/15)            Temple (1/1) D:5            Lair (5/5) D:11
 Shoals (1/4) Lair:3       Spider (0/4) Lair:2        Slime (0/5) Lair:5
    Orc (2/2) D:12            Elf (0/3) Orc:2
 Vaults: D:13-14

Altars:
Ashenzari
Cheibriados
Dithmenos
Elyvilon
Fedhas
Gozag
Hepliaklqana
Kikubaaqudgha
Makhleb
Nemelex Xobeh
Okawaru
Qazlal
Ru
Sif Muna
Trog
Uskayaw
Vehumet
Wu Jian
Xom
Yredelemnul
Zin
The Shining One
Jiyva

Shops:
D:2 (   D:3 ?   D:10 :   Orc:2 !=(:?=[   Shoals:1 [

Annotations:
D:14 Azrael; Louise
Shoals:1 2 transporters, confidenceinterval's ghost, adept OgGl


Innate Abilities, Weirdness & Mutations

You are immune to sickness and miasma.
Your stone body is resilient. (AC +11)
You are immune to poison.
Your large and strong wings let you fly.
You resist negative energy. (rN+)
You are resistant to electric shocks. (rElec)
You are resistant to unholy torment.
You are immune to petrification.
[Armour fits poorly on your strangely shaped body.]
[You frequently scream uncontrollably at your foes.]
[Potions cannot restore your health.]


Message History

The dread lich is severely damaged.
The dread lich gestures wildly while chanting.
The dread lich casts a spell at you.
You suddenly lose the ability to move!
You hear a roar!
The dread lich touches you but does no damage.
The Hell Sentinel hits you!
The Hell Sentinel completely misses you.
The dread lich casts a spell at you.
You shrug off the repeated paralysis!
The wretched star pulses with an eldritch light!
Your system partially rejects the healing effects of potions.
Your system completely rejects the healing effects of potions.
The Hell Sentinel hits you!
You feel protected from physical attacks.
The Hell Sentinel hits you but does no damage.
The dread lich is engulfed in blazing flames.
The dread lich touches you.
You hear a bark!
The dread lich casts a spell at you.
You shrug off the repeated paralysis!
The Hell Sentinel hits you!
You feel more protected from physical attacks.
The Hell Sentinel hits you.
* * * LOW HITPOINT WARNING * * *
You hear a bark!
The dread lich completely misses you.
The Hell Sentinel hits you but does no damage.
The Hell Sentinel hits you!
* * * LOW HITPOINT WARNING * * *
You feel more protected from physical attacks.
The dread lich is engulfed in blazing flames.
The dread lich points at you and mumbles some strange words.
You barely resist.
The dread lich touches you but does no damage.
A raiju comes into view.
The Hell Sentinel hits you!!
* * * LOW HITPOINT WARNING * * *
You feel more protected from physical attacks.
The Hell Sentinel hits you!
You die...

. .. .#.##.
L # .
.........
.2 # .##
..... .. .5
....#..##..
. ... . .#.
. ...._# .
† .
##...##..
##. . . .
.##*##....#
... . .#
#2###.###
.....#. .
.##5L.#h#.#
# # .
..#...
#.#@...#
.#. ..#.
..###1##.#
... .# .
.... ....#
.... . #...
# ###...# .
####.# .
...... # #
. # ..~
.#... .. .
#.. #. #.
.. .# . . .


You could see a Hell Sentinel (summoned), a dread lich (fast, invisible), a
wretched star, a blizzard demon (summoned), a raiju (wandering) and a quasit.

Vanquished Creatures
  Gastronok (D:8)
  Donald (Shoals:1)
  An orc warlord (Orc:1)
  Nessos (D:14)
  2 hydras
  An alligator snapping turtle (Shoals:1)
  A rakshasa (D:14)
  A vault guard (D:14)
  2 centaur warriors
  A catoblepas (Lair:5)
  3 boulder beetles
  A death knight (D:13)
  A tengu warrior (D:14)
  4 two-headed ogres
  Nergalle (Lair:3)
  8 skeletal warriors
  The ghost of Dado the Insei, a novice GnMo of Ru (D:7)
  4 skysharks
  A wretched star (Abyss:3)
  A goliath frog (Lair:5)
  7 orc knights
  3 harpies (Shoals:1)
  Pikel (D:4)
  2 deep elf pyromancers
  3 cyclopes
  9 ugly things
  6 elephants
  A merfolk siren (Shoals:1)
  4 black mambas
  2 cane toads (shapeshifter)
  22 cane toads
  An unseen horror (D:11)
  Jeremiah (D:7)
  2 rime drakes
  2 freezing wraiths (D:13)
  A kobold demonologist (D:10)
  5 komodo dragons
  3 merfolk (Shoals:1)
  A wind drake (Shoals:1)
  10 trolls
  3 tyrant leeches (Lair:5)
  A hornet (D:9)
  2 polar bears
  Grinder (D:5)
  3 snapping turtles (Shoals:1)
  46 blink frogs
  11 dream sheep
  Sigmund (D:6)
  3 shadows
  A jumping spider (shapeshifter) (D:14)
  5 wraiths
  7 wyverns
  49 yaks
  2 redbacks (Lair:2)
  Eustachio (D:4)
  3 fire elementals (D:14)
  3 basilisks
  A steam dragon (D:6)
  Edmund (D:5)
  Menkaure (D:5)
  4 wargs
  11 vampire mosquitoes
  An acid dragon (D:11)
  10 water moccasins
  2 hell hounds (D:14)
  A sky beast (D:8)
  4 ice beasts
  41 orc warriors
  A black bear (D:5)
  A hornet zombie (D:6)
  6 ogres
  2 centaurs
  21 wolves
  A lemure (D:5)
  A phantom (D:12)
  A kobold brigand (D:10)
  2 scorpions (D:5)
  3 necrophages (D:6)
  17 bullfrogs
  A gnoll sergeant (D:7)
  5 wights
  A water moccasin zombie (D:6)
  2 troll zombies (D:12)
  8 electric eels
  2 howler monkeys
  2 bullfrog zombies (D:6)
  A human zombie (D:6)
  A lava snake (D:7)
  15 orc priests
  Crazy Yiuf (D:5)
  4 hounds
  3 jellies
  A sleepcap (D:7)
  Natasha (twice) (D:4)
  25 orc wizards
  Ijyb (D:3)
  4 iguanas
  11 hell rats (Lair:5)
  2 killer bee zombies (D:6)
  A centaur simulacrum (D:7)
  4 ogre zombies (D:12)
  A bullfrog simulacrum (D:7)
  A howler monkey zombie (D:6)
  Robin (D:4)
  4 gnolls (D:7)
  9 adders
  3 white imps
  3 dart slugs (D:3)
  115 orcs
  2 bats
  12 endoplasms
  4 giant cockroaches
  16 goblins
  16 hobgoblins
  2 jackals (D:2)
  8 ball pythons
  6 frilled lizards
  3 gnoll skeletons (D:12)
  5 gnoll zombies (D:12)
  7 kobolds
  3 orc skeletons (D:12)
  8 orc zombies (D:12)
  9 rats
733 creatures vanquished.

Vanquished Creatures (others)
  A deep elf pyromancer (D:14)
  An ugly thing (D:14)
  A sky beast (D:8)
3 creatures vanquished.

Grand Total: 736 creatures vanquished

Notes
Turn   | Place    | Note
-------+----------+-------------------------------------------
     0 | D:1      | BinkBink the Gargoyle Fighter began the quest for the Orb.
     0 | D:1      | Reached XP level 1. HP: 14/14 MP: 1/1
   137 | D:1      | Reached XP level 2. HP: 19/19 MP: 2/2
   340 | D:1      | Reached XP level 3. HP: 19/23 MP: 3/3
   818 | D:2      | Found Fuasmakk's Weapon Emporium.
   997 | D:2      | Reached XP level 4. HP: 27/29 MP: 4/4
  1652 | D:3      | Found The Oracle's Delphic Readings.
  1656 | D:3      | Bought a scroll of identify for 24 gold pieces
  1735 | D:3      | Identified the +0 spear of the Rattlesnake {drain, rN+}
  1806 | D:3      | Found a faded altar of an unknown god.
  1835 | D:3      | Reached skill level 1 in Dodging
  2037 | D:3      | Reached XP level 5. HP: 33/33 MP: 5/5
  2117 | D:3      | Noticed Ijyb
  2120 | D:3      | Killed Ijyb
  2512 | D:4      | Noticed Natasha
  2516 | D:4      | Killed Natasha
  2561 | D:4      | Reached XP level 6. HP: 39/39 MP: 6/6
  2598 | D:4      | Noticed Robin
  2608 | D:4      | Killed Robin
  2710 | D:4      | Identified the +9 flail of Niupn {flame, MP+9}
  3027 | D:4      | Noticed Pikel
  3027 | D:4      | Noticed Natasha
  3034 | D:5      | Entered Level 5 of the Dungeon
  3130 | D:5      | Noticed Grinder
  3137 | D:5      | Killed Grinder
  3138 | D:5      | Reached skill level 5 in Fighting
  3138 | D:5      | Reached skill level 5 in Armour
  3138 | D:5      | Reached skill level 5 in Shields
  3138 | D:5      | Reached XP level 7. HP: 44/44 MP: 7/7
  3154 | D:5      | Found a broken altar of Ashenzari.
  3182 | D:4      | Noticed Eustachio
  3220 | D:4      | Killed Eustachio
  3287 | D:4      | Killed Pikel
  3288 | D:4      | Reached XP level 8. HP: 44/51 MP: 8/8
  3288 | D:4      | Killed Natasha
  3318 | D:4      | Identified the +0 ring mail of Barphoas {Str+3}
  3483 | D:5      | Found a staircase to the Ecumenical Temple.
  3496 | Temple   | Entered the Ecumenical Temple
  3527 | D:5      | Noticed Edmund
  3616 | D:6      | Found an ornate altar of the Wu Jian Council.
  3657 | D:6      | Reached skill level 5 in Maces & Flails
  3854 | D:6      | Identified the orb of Siopnu {light, Str+5}
  3868 | D:6      | Noticed a two-headed ogre
  3872 | D:6      | Killed a two-headed ogre
  3873 | D:6      | Reached XP level 9. HP: 14/56 MP: 9/9
  4122 | D:5      | Killed Edmund
  4420 | D:5      | Found a hazy altar of Hepliaklqana.
  4545 | D:5      | Noticed Menkaure
  4552 | D:5      | Killed Menkaure
  4628 | D:5      | Found an ancient bone altar of Kikubaaqudgha.
  4636 | D:5      | Found a snail-covered altar of Cheibriados.
  4739 | D:5      | Found a runed translucent door.
  4740 | D:5      | Noticed Crazy Yiuf
  4871 | D:6      | Found a basalt altar of Yredelemnul.
  4898 | D:6      | Reached XP level 10. HP: 60/63 MP: 10/10
  5048 | D:6      | You fall into a shaft and drop 2 floors!
  5085 | D:7      | Found a runed translucent gate.
  5086 | D:7      | Found a runed translucent gate.
  5207 | D:7      | Reached skill level 5 in Dodging
  5432 | D:6      | Noticed Sigmund
  5436 | D:6      | Killed Sigmund
  5793 | D:7      | Noticed Jeremiah
  5865 | D:7      | Killed Jeremiah
  6196 | D:7      | Found a radiant altar of Vehumet.
  6503 | D:7      | Noticed Dado's ghost (novice GnMo)
  6513 | D:7      | Found a runed translucent gate.
  7380 | D:8      | Found a sacrificial altar of Ru.
  7482 | D:8      | Noticed Gastronok
  7498 | D:8      | Killed Gastronok
  7499 | D:8      | Reached XP level 11. HP: 52/71 MP: 11/11
  7826 | D:8      | Found a sparkling altar of Nemelex Xobeh.
  7828 | D:8      | Found a stormy altar of Qazlal.
  7836 | D:8      | Became a worshipper of Qazlal Stormbringer
  7936 | D:8      | Found an opulent altar of Gozag.
  7980 | D:9      | Noticed a two-headed ogre
  8557 | D:9      | Found a hide-covered altar of Uskayaw.
  9177 | D:9      | Identified a scroll of acquirement
  9196 | D:10     | Entered Level 10 of the Dungeon
  9200 | D:10     | Identified the +5 ring mail "Zyaluol" {Slay+2}
  9225 | D:10     | Found Noillas's Book Shop.
  9257 | D:10     | Found a shadowy altar of Dithmenos.
  9455 | D:10     | Found a shimmering altar of Xom.
  9493 | D:10     | Found a glowing silver altar of Zin.
  9493 | D:10     | Found a burning altar of Makhleb.
  9597 | D:10     | Noticed a green death
  9597 | D:10     | Noticed an angel
  9690 | D:10     | Reached * piety under Qazlal
  9851 | D:10     | Noticed a two-headed ogre
  9857 | D:10     | Killed a two-headed ogre
 10326 | D:11     | Noticed a two-headed ogre
 10334 | D:11     | Killed a two-headed ogre
 10335 | D:11     | Reached skill level 10 in Fighting
 10335 | D:11     | Reached skill level 10 in Armour
 10335 | D:11     | Reached skill level 10 in Shields
 10335 | D:11     | Reached XP level 12. HP: 77/77 MP: 12/12
 10393 | D:11     | Found a staircase to the Lair.
 11023 | D:12     | Noticed a boulder beetle
 11033 | D:12     | Killed a boulder beetle
 11033 | D:12     | Reached ** piety under Qazlal
 11053 | D:12     | Found a staircase to the Orcish Mines.
 11844 | D:13     | Noticed a two-headed ogre
 11850 | D:13     | Killed a two-headed ogre
 11879 | D:13     | Noticed a centaur warrior
 11894 | D:13     | Killed a centaur warrior
 11992 | D:13     | Noticed a death knight
 12002 | D:13     | Killed a death knight
 12114 | D:13     | Reached *** piety under Qazlal
 12275 | D:13     | Reached XP level 13. HP: 84/84 MP: 13/13
 12393 | Lair:5   | Identified the of Fappetwush
 12393 | Orc:1    | Entered Level 1 of the Orcish Mines
 12404 | Orc:1    | Reached skill level 10 in Maces & Flails
 12732 | Orc:1    | Found a bloodstained altar of Trog.
 12788 | Orc:1    | Noticed an orc warlord
 12837 | Orc:1    | Killed an orc warlord
 13035 | Orc:2    | Entered Level 2 of the Orcish Mines
 13051 | Orc:1    | Reached **** piety under Qazlal
 13541 | Orc:2    | Found a staircase to the Elven Halls.
 13641 | Orc:2    | Found Zoduoh's Distillery.
 13641 | Orc:2    | Found Werhuyc's Jewellery Emporium.
 13649 | Orc:2    | Bought a potion of heal wounds for 80 gold pieces
 13845 | Orc:2    | Reached ***** piety under Qazlal
 13953 | Orc:2    | Found Hamyosh's Armour Shop.
 13961 | Orc:2    | Bought a +2 buckler for 231 gold pieces
 14071 | Orc:2    | Found Lupseg's Magic Scroll Boutique.
 14071 | Orc:2    | Found Eneetzukhlu's Jewellery Emporium.
 14170 | Orc:2    | Found Qeep's Antique Weapon Boutique.
 14217 | Orc:2    | Found Ubyps's Book Emporium.
 14474 | Orc:2    | Bought a scroll of identify for 34 gold pieces
 14474 | Orc:2    | Bought a scroll of identify for 34 gold pieces
 14474 | Orc:2    | Bought a scroll of identify for 34 gold pieces
 14572 | Lair:1   | Entered Level 1 of the Lair of Beasts
 15044 | Lair:1   | Identified the +1 scale mail "Roer Qonei" {*Slow Str+7
                  | SInv}
 15558 | Lair:2   | Gained mutation: Your large and strong wings let you fly.
                  | [Gargoyle growth]
 15558 | Lair:2   | Reached XP level 14. HP: 85/92 MP: 14/14
 15700 | Lair:2   | Found a hole to the Spider Nest.
 16348 | Lair:3   | Found a staircase to the Shoals.
 16530 | Lair:3   | Noticed Nergalle
 16541 | Lair:3   | Killed Nergalle
 17216 | Lair:4   | Identified the +1 leather armour of Gravitas {Regen+}
 17602 | Lair:5   | Entered Level 5 of the Lair of Beasts
 17619 | Lair:5   | Reached ****** piety under Qazlal
 17753 | Lair:5   | Reached XP level 15. HP: 92/99 MP: 15/15
 17767 | Lair:5   | Reached skill level 10 in Dodging
 18087 | Lair:5   | Found a staircase to the Slime Pits.
 18087 | Lair:5   | Found a viscous altar of Jiyva.
 18571 | Shoals:1 | Entered Level 1 of the Shoals
 18579 | Shoals:1 | Noticed Donald
 18592 | Shoals:1 | Killed Donald
 19169 | Shoals:1 | Identified the ring of Ahaminia {rPois rC+ MP+9 SInv}
 19245 | Shoals:1 | Found a transporter.
 19249 | Shoals:1 | Found Hiluf's Armour Boutique.
 19354 | Shoals:1 | Found a transporter.
 19360 | Shoals:1 | Noticed confidenceinterval's ghost (adept OgGl)
 19624 | D:5      | Killed Crazy Yiuf
 19685 | D:7      | Killed Dado's ghost
 19714 | D:7      | Got the ring "Erotell" {Fire Will+}
 19831 | D:14     | Noticed Nessos
 19844 | D:14     | Noticed Azrael
 19866 | D:14     | Noticed Louise
 19887 | D:14     | Killed Nessos
 20076 | Abyss:3  | Cast into level 3 of the Abyss (Louise)
 20093 | Abyss:3  | Noticed a dread lich
 20111 | Abyss:3  | Paralysed by a dread lich for 2 turns
 20114 | Abyss:3  | Found a corrupted altar of Lugonu.
 20122 | Abyss:3  | Paralysed by a dread lich for 5 turns
 20123 | Abyss:3  | Noticed a Hell Sentinel
 20127 | Abyss:3  | HP: 3/100 [Hell Sentinel[a dread lich] (20)]
 20127 | Abyss:3  | Mangled by a Hell Sentinel

Illustrated notes

Levels and vault maps discovered:
D:1:      matt_arrival_los_fun, layout_loops_ring, serial_bayou_lagoon_b
D:2:      layout_basic, serial_shops, nicolae_shop_tiny_glass
D:3:      layout_loops_corners, shapermc_ecumenical_altar_starsandcircs,
          roderic_roman_lattice, nicolae_nh_oracle_at_delphi, uniq_ijyb
D:4:      layout_basic, uniq_natasha, uniq_eustachio, uniq_robin, uniq_pikel
D:5:      minmay_angry_zag, layout_cave_pools, mainiacjoe_overflow_chevrons,
          nicolae_hepliaklqana_hippocampus, mainiacjoe_overflow_large_starburst,
          minmay_temple_entry_grid, uniq_menkaure, uniq_crazy_yiuf_cottage,
          uniq_grinder, uniq_edmund
D:6:      layout_loops_ring, lemuel_mausoleum_altar_yredelemnul,
          mainiacjoe_overflow_paths, minmay_starry_boxes, uniq_sigmund
D:7:      layout_basic, mainiacjoe_overflow_brackets, gammafunk_ghost_icy,
          nicolae_lava_and_water, hangedman_decor_growths, uniq_jeremiah
D:8:      layout_loops_ring, nicolae_ru_great_annihilating_truth,
          lemuel_doored_altar, minitemple, minmay_circle_x, uniq_gastronok
D:9:      wad_lake_hut, layout_basic, mainiacjoe_overflow_alcove_1,
          dk_rats_in_the_wall
D:10:     layout_roguey, nicolae_dithmenos_the_darkroom,
          grunt_temple_overflow_order_and_chaos_2, lemuel_tele_altar,
          serial_shops, nicolae_shop_tiny_real_fake_doors
D:11:     layout_long_grid, lair_entry_dummy
D:12:     layout_layer_cave, zombieorc1_lemuel
D:13:     layout_roguey
D:14:     layout_rooms, lightli_vaults_fourway_checkpoint,
          ebering_ghost_rock_garden, skrybe_limestone_x,
          roderic_serpentine_path, uniq_azrael, uniq_louise, uniq_nessos
Temple:   nicolae_temple_ecumenical_triangle
Lair:1:   layout_roguey, serial_bayou, serial_bayou_ford_a,
          serial_bayou_shore_b, serial_bayou_pond_c, serial_bayou_pond_e,
          serial_bayou_pond_d, serial_bayou_shore_a
Lair:2:   layout_chaotic_city, spider_nest_entry_webs, serial_bayou_shore_b
Lair:3:   layout_long_grid, elwin_shoals_entry_rocks,
          nicolae_quartered_pool_impasse, grunt_megastairs_2, uniq_nergalle
Lair:4:   layout_cellular_growth
Lair:5:   minmay_lair_end_frog_pond, layout_long_grid, slime_entry_1,
          nzn_sisyphean_effort
Shoals:1: layout_shoals, ebering_ghost_davey_jones, serial_shops,
          nicolae_shop_tiny_real_fake_doors, uniq_donald
Orc:1:    layout_caves, basic_altar, nicolae_orc_rockfall
Orc:2:    st_orc_town, layout_caves, serial_shops, nicolae_shop_stone,
          nicolae_shop_tiny_real_fake_doors, nicolae_shop_behind_doors,
          mines2_lemuel
Abyss:3:  base:
D:8

Skill      XL: |  1  2  3  4  5  6  7  8  9 10 11 12 13 14 15 |
---------------+----------------------------------------------+-----
Fighting       | 4 5 6 7 9 10 11 12 13 14 | 14.2
Armour         | 4 5 6 7 8 10 11 12 13 14 | 14.1
Dodging        | 1 2 3 4 6 7 8 9 10 | 10.7
Shields        | 4 5 6 7 8 10 11 12 13 14 | 14.2
Maces & Flails | 3 4 5 6 7 8 9 11 12 | 12.9

Action                     |  1- 3 |  4- 6 |  7- 9 | 10-12 | 13-15 || total
---------------------------+-------+-------+-------+-------+-------++-------
  Melee: Flail             |   103 |   145 |   158 |   576 |  1056 ||  2038
    Use: Scroll            |       |     5 |       |    11 |     9 ||    25
         Potion            |       |       |       |       |     3 ||     3
   Stab: Invisible         |       |       |       |     1 |       ||     1
         Paralysed         |       |       |       |     1 |       ||     1
 Armour: Scale mail        |    59 |   140 |   111 |   170 |       ||   480
         Ring mail         |       |       |       |   122 |   437 ||   559
  Dodge: Dodged            |    32 |   100 |    72 |   302 |   651 ||  1157
         Repelled          |       |       |       |       |     6 ||     6
  Block: Buckler           |    21 |    48 |    27 |   189 |   834 ||  1119

Table legend: (Time is in decaauts)
 A = Elapsed time spent in this place.
 B = Non-inter-level travel time spent in this place.
 C = Inter-level travel time spent in this place.
 D = Time resting spent in this place.
 E = Time spent auto-exploring this place.
 F = Levels seen in this place.
 G = Mean time per level.
                   A        B        C        D        E       F      G
               +--------+--------+--------+--------+--------+-----+--------+
         Total |  20240 |  18838 |   1402 |   1241 |  13795 |  24 |  843.3 |
       Dungeon |  13214 |  12374 |    840 |    855 |   9061 |  14 |  943.9 |
        Temple |     10 |      2 |      8 |      0 |      0 |   1 |   10.0 |
          Lair |   4023 |   3820 |    203 |     36 |   3127 |   5 |  804.6 |
        Shoals |    837 |    794 |     43 |     38 |    641 |   1 |  837.0 |
  Orcish Mines |   2109 |   1802 |    307 |    311 |    955 |   2 | 1054.5 |
         Abyss |     45 |     45 |      0 |      0 |     11 |   1 |   45.0 |
               +--------+--------+--------+--------+--------+-----+--------+

Top non-repeatable levels by time:
     D:7: 1606 daAuts
     D:6: 1248 daAuts
     D:9: 1233 daAuts
    D:12: 1203 daAuts
     D:8: 1169 daAuts
   Orc:1: 1104 daAuts
   Orc:2: 1004 daAuts
     D:3: 951 daAuts
     D:4: 930 daAuts
     D:5: 920 daAuts
  Lair:1: 886 daAuts
     D:1: 868 daAuts
    D:10: 864 daAuts
  Lair:5: 857 daAuts
Shoals:1: 837 daAuts
